 Dungeon Crawl Stone Soup version 0.20.1-1-g8b1a95d (webtiles) character file.

290 Irenicus the Insei (level 6, -7/42 HPs)
             Began as an Octopode Chaos Knight on Oct 8, 2017.
             Mangled by an ogre
             ... wielding a +0 giant spiked club
              (30 damage)
             ... on level 5 of the Dungeon.
             The game lasted 00:06:43 (2649 turns).

Irenicus the Insei (Octopode Chaos Knight)          Turns: 2649, Time: 00:06:44

Health: -7/42      AC:  1    Str: 11    XL:     6   Next: 32%
Magic:  6/6        EV: 13    Int: 15    God:    Xom [*.....]
Gold:   183        SH:  0    Dex: 11    Spells: 5/5 levels left

rFire    . . .     SeeInvis .     - Unarmed
rCold    + . .     Gourm    .   (no shield)
rNeg     . . .     Faith    .   (helmet restricted)
rPois    .         Spirit   .   (no amulet)
rElec    .         Reflect  .   (no ring)
rCorr    .         Harm     .   (no ring)
MR       .....                  (no ring)
Stlth    +++.......             (no ring)
Regen    0.2/turn               (no ring)
MPRegen  0.1/turn               (no ring)
                                (no ring)
                                (no ring)

@: no status effects
A: almost no armour, stealthy swim, amphibious, 8 rings, constrict 8, camouflage
1, blurry vision 1, clumsy 1, cold resistance 1, gelatinous body 1, no potion
heal 1
a: Renounce Religion


You were on level 5 of the Dungeon.
You worshipped Xom.
You were a special plaything of Xom.
You were hungry.

You visited 1 branch of the dungeon, and saw 5 of its levels.

You collected 183 gold pieces.

Inventory:

Wands
 v - a wand of iceblast (5/15)
Scrolls
 b - a scroll of magic mapping {unknown}
 d - a scroll of amnesia {unknown}
 e - 2 scrolls of teleportation {unknown}
 g - a scroll of fog {unknown}
 j - 4 scrolls of enchant armour {unknown}
 k - 3 scrolls of enchant weapon {unknown}
 m - 2 scrolls of remove curse {unknown}
 n - a scroll of identify {unknown}
 p - a scroll of random uselessness {unknown}
 q - a scroll of noise {unknown}
 r - 2 scrolls of blinking {unknown}
 u - a scroll of fear {unknown}
Potions
 c - 3 potions of curing {unknown}
 i - a potion of might {unknown}
 l - a potion of heal wounds {unknown}
 o - a potion of invisibility {unknown}
 t - 2 potions of haste {unknown}
Comestibles
 a - 6 bread rations
 f - 2 meat rations
 h - 3 royal jellies
 s - 4 fruits


   Skills:
 - Level 3.0 Fighting
 - Level 2.3 Dodging
 + Level 3.4 Stealth
 + Level 6.3 Unarmed Combat


You had 5 spell levels left.
You didn't know any spells.

Dungeon Overview and Level Annotations

Branches:
Dungeon (5/15)
 Temple: D:4-7

Altars:
Cheibriados
Hepliaklqana
Nemelex Xobeh
Qazlal
Yredelemnul

Annotations:
D:2 2 transporters


Innate Abilities, Weirdness & Mutations

You cannot wear most types of armour.
You are very stealthy in the water. (Stealth+)
You are amphibious.
You can wear up to eight rings at the same time.
You can use your tentacles to constrict eight enemies at once.
Your skin changes colour to match your surroundings (Stealth+).
Your rubbery body absorbs attacks. (AC +1, EV +1)
Scrolls take you a little longer to read.
You are clumsy. (Dex -2)
Your flesh is cold resistant. (rC+)
Potions are less effective at restoring your health.


Message History

The ogre shouts!
The ogre moves out of view.
You hear Xom's avuncular chuckle.
The adder seems to slow down.
You don't know any spells.
You aren't carrying or standing over any spellbooks.
Evoke which item? (* to show all) (? for menu, Esc to quit)
Aiming: Iceblast (will waste charges)
Press: ? - help, Shift-Dir - straight line, f - ogre
Aim: an ogre, wielding a giant spiked club The mass of ice explodes!
The iceblast engulfs the ogre.
The ogre is moderately wounded.
The iceblast engulfs the adder.
You kill the adder!
Evoking this partially-identified wand wasted a few charges.
You bludgeon the ogre! You squeeze the ogre!
The ogre is almost dead.
The ogre hits you with a giant spiked club!!
Ouch! That really hurt!
You die...

#.. ##...#
##.....#.
##.......#
##........#
###(........#
##...........#
#.@..........##
#.O###.........#
#...#
#.........# #...
#.........##
#...
#..........#
##..
#..>.......# #.
##........>.##
#.
#............#
##............#


You could see an ogre.

Vanquished Creatures
  A hound (D:4)
  An orc wizard (D:3)
  Terence (D:2)
  An iguana (D:5)
  8 adders
  A shadow imp (D:5)
  An ooze (D:4)
  An adder skeleton (D:4)
  3 worms (D:2)
  2 dart slugs (D:1)
  3 leopard geckos
  6 orcs
  4 giant cockroaches
  8 goblins
  11 hobgoblins
  A jackal (D:1)
  A quokka (D:2)
  A ball python (D:3)
  8 bats
  8 frilled lizards
  2 gnoll zombies (D:2)
  4 kobolds
  6 rats
83 creatures vanquished.

Notes
Turn   | Place    | Note
-------+----------+-------------------------------------------
     0 | D:1      | Irenicus the Octopode Chaos Knight began the quest for the Orb.
     0 | D:1      | Reached XP level 1. HP: 16/16 MP: 1/1
    63 | D:1      | XOM: silly message
   107 | D:1      | Reached XP level 2. HP: 16/21 MP: 2/2
   172 | D:1      | XOM: harmless Necr miscast
   234 | D:1      | Reached skill level 4 in Unarmed Combat
   355 | D:1      | Reached XP level 3. HP: 25/26 MP: 3/3
   457 | D:1      | XOM: divination: magic mapping
   563 | D:2      | XOM: noise
   564 | D:2      | XOM: noise
   592 | D:2      | Found a stormy altar of Qazlal.
   592 | D:2      | Found a transporter.
   592 | D:2      | Noticed an orc warrior
   592 | D:2      | Noticed a black bear
   592 | D:2      | Noticed a bullfrog
   593 | D:2      | XOM: harmless Ice miscast
   607 | D:2      | Noticed Terence
   610 | D:2      | XOM: harmless Conj miscast
   658 | D:2      | Gained mutation: Scrolls take you a little longer to read. [potion of mutation]
   658 | D:2      | Gained mutation: Potions are less effective at restoring your health. [potion of mutation]
   658 | D:2      | Gained mutation: Your flesh is cold resistant. (rC+) [potion of mutation]
   670 | D:2      | XOM: enchant monster (bad)
   673 | D:2      | XOM: confuse monster(s)
   679 | D:2      | XOM: harmless Chrm miscast
   690 | D:2      | Killed Terence
   690 | D:2      | Reached skill level 1 in Stealth
   690 | D:2      | Reached XP level 4. HP: 21/31 MP: 4/4
   716 | D:2      | XOM: divination: detect items
   746 | D:2      | Found a sparkling altar of Nemelex Xobeh.
   756 | D:2      | XOM: silly message
   792 | D:2      | Reached skill level 5 in Unarmed Combat
  1068 | D:2      | Found a basalt altar of Yredelemnul.
  1180 | D:2      | Reached XP level 5. HP: 30/36 MP: 5/5
  1183 | D:2      | XOM: smoke on damage
  1256 | D:2      | Found a transporter.
  1312 | D:2      | Found a hazy altar of Hepliaklqana.
  1394 | D:2      | XOM: give mutation
  1394 | D:2      | Gained mutation: You are clumsy. (Dex -2) [Xom's mischief]
  2056 | D:4      | XOM: noise
  2063 | D:4      | Found a snail-covered altar of Cheibriados.
  2249 | D:4      | Reached skill level 6 in Unarmed Combat
  2502 | D:4      | Reached XP level 6. HP: 37/42 MP: 6/6
  2564 | D:5      | Entered Level 5 of the Dungeon
  2647 | D:5      | XOM: enchant monster (good)
  2649 | D:5      | Mangled by an ogre

Skill      XL: |  1  2  3  4  5 |
---------------+----------------+-----
Unarmed Combat | 4 5 6 |  6.3
Stealth        | 1 3 |  3.4
Fighting       | |  3.0
Dodging        | |  2.3

Action                   |  1- 3 |  4- 6 || total
-------------------------+-------+-------++-------
Melee: Unarmed           |    61 |   111 ||   172
       Constrict         |    17 |    28 ||    45
       Tentacles         |     8 |    17 ||    25
       Punch             |     4 |     4 ||     8
Evoke: Wand              |       |     1 ||     1
  Use: Potion            |     1 |       ||     1
 Stab: Sleeping          |     3 |    11 ||    14
  Eat: Chunk             |       |     5 ||     5
Armor: Skin              |     4 |    10 ||    14
Dodge: Dodged            |    47 |    48 ||    95
